 Dungeon Crawl Stone Soup version 0.31-a0-263-ge8cad7f256 (webtiles) character file.

Game seed: 10887591873023479058

58 qw the Shooter (level 3, -1/29 HPs)
             Began as a Minotaur Hexslinger on July 13, 2023.
             Succumbed to an adder's poison
             ... on level 2 of the Dungeon.
             The game lasted 00:00:29 (1304 turns).

qw the Shooter (Minotaur Hexslinger)                Turns: 1304, Time: 00:00:30

Health: -1/29      AC:  5    Str: 12    XL:     3   Next: 76%
Magic:  3/3        EV: 11    Int: 10    God:
Gold:   34         SH:  0    Dex: 14    Spells: 3/4 levels left

rFire   . . .        Y - +1 sling
rCold   . . .        (no shield)
rNeg    . . .        d - +0 ring mail
rPois   .            (helmet restricted)
rElec   .            (no cloak)
rCorr   .            (no gloves)
SInv    .            (no boots)
Will    .....        (no amulet)
Stlth   +            (no ring)
HPRegen 0.24/turn    (no ring)
MPRegen 0.08/turn

%: no passive effects
@: lethally poisoned (-1 -> -13), about to teleport
A: horns 2, retaliatory headbutt
a: no special abilities


You were on level 2 of the Dungeon.
You visited 1 branch of the dungeon, and saw 2 of its levels.

You collected 34 gold pieces.


Innate Abilities, Weirdness & Mutations

You have a pair of horns on your head.
You reflexively headbutt those who attack you in melee.


   Skills:
 - Level 2.0 Fighting
 + Level 4.0 Ranged Weapons
 - Level 1.3 Armour
 - Level 2.1 Dodging
 - Level 1.0 Spellcasting
 - Level 2.0 Hexes


You had 3 spell levels left.
You knew the following spells:

 Your Spells              Type           Power      Damage    Failure   Level
a - Slow                  Hex            16%        N/A       32%         1

Your spell library contained the following spells:

 Spells                   Type           Power      Damage    Failure   Level
 Inner Flame              Hex/Fire       2%         N/A       83%         3
 Portal Projectile        Hex/Tloc       4%         N/A       83%         3
 Cause Fear               Hex            2%         N/A       97%         4

Inventory:

Hand Weapons
 Y - a +1 sling (weapon)
Armour
 d - a +0 ring mail (worn)
 g - a +0 cloak
Jewellery
 l - an amulet of faith
Scrolls
 c - 3 scrolls of teleportation
 i - a scroll of fear {unknown}
 j - a scroll of revelation {unknown}
 k - a scroll of summoning {unknown}
 m - a scroll of noise {unknown}
Potions
 a - a potion of berserk rage {unknown}
 b - a potion of enlightenment {unknown}
 e - 2 potions of heal wounds {unknown}
 f - a potion of brilliance {unknown}
 h - a potion of might {unknown}

Dungeon Overview and Level Annotations

Branches:
Dungeon (2/15)

Altars:


Message History

You headbutt the giant cockroach, but do no damage.
The adder bites you but does no damage.
You shoot a sling bullet.
The sling bullet barely misses the adder.
The adder bites you.
The giant cockroach bites you but does no damage. x2
The adder barely misses you.
You shoot a sling bullet.
The sling bullet barely misses the adder.
The adder bites you. The giant cockroach closely misses you.
You furiously retaliate!
You headbutt the giant cockroach. The adder bites you.
You are poisoned.
The adder poisons you!
You shoot a sling bullet.
The sling bullet closely misses the giant cockroach.
You feel sick. The giant cockroach closely misses you. The adder bites you.
You are more poisoned.
The adder poisons you! The giant cockroach bites you.
You shoot a sling bullet.
The sling bullet closely misses the giant cockroach.
You feel very sick. The adder bites you but does no damage.
The giant cockroach barely misses you. The adder bites you.
You are more poisoned.
The adder poisons you!
The giant cockroach bites you but does no damage.
You shoot a sling bullet.
The sling bullet hits the giant cockroach.
You kill the giant cockroach!
You feel very sick. The adder bites you. x2
1303 ||| READING 4 scrolls of teleportation.
As you read the scroll of teleportation, it crumbles to dust.
You feel strangely unstable.
You feel sick. The adder bites you.
You are more poisoned.
The adder poisons you!
You shoot a sling bullet.
The sling bullet barely misses the adder.
You die...

###..######......####...%........
....<..................######..##
####'######............# #..#
###...##########.#####.# ####..#
#.........# ###.# #.# #.....#
..##'####.# ##.#.# #.###.#.#.#
.##.}.# .###....#####.........##
##...## +................>......
#...## #..S@>?.######....###
...## #..#.##.# #........# }.++
#.##.# #.##.###.# ...## #.#..##.#
#.##.# #.# #...## #.......#
#.##.# #.# ##...## ###.#####
#.##.# #.# .##.}.# # #.# #.##.#
#.# ..##'####.# #.# #.##.###.#
##........# #.# #........#


You could see an adder.

Vanquished Creatures
  2 adders (D:2)
  9 bats
  3 endoplasms
  3 giant cockroaches
  3 goblins
  5 hobgoblins
  2 jackals (D:1)
  A quokka (D:1)
  3 ball pythons
  A frilled lizard (D:1)
  2 kobolds (D:1)
  3 rats
37 creatures vanquished.

Notes
Turn   | Place    | Note
-------+----------+-------------------------------------------
     0 | D:1      | qw the Minotaur Hexslinger began the quest for the Orb.
     0 | D:1      | Reached XP level 1. HP: 16/16 MP: 1/1
     0 | D:1      | 0 ||| qw: Version: 0.3-a-52-g30416fa
     0 | D:1      | 0 ||| qw: Game counter: 7377
     0 | D:1      | 0 ||| qw: Melee chars always use a shield: true
     0 | D:1      | 0 ||| qw: God list: Okawaru
     0 | D:1      | 0 ||| qw: Allow faded altars: false
     0 | D:1      | 0 ||| qw: Do Orc after clearing Dungeon:15 true
     0 | D:1      | 0 ||| qw: Do second Lair branch before Depths: true
     0 | D:1      | 0 ||| qw: Lair rune preference: random
     0 | D:1      | 0 ||| qw: Goals: Normal
     0 | D:1      | 0 ||| PLANNING D:1-11
    53 | D:1      | Reached skill level 3 in Ranged Weapons
    68 | D:1      | Reached XP level 2. HP: 18/23 MP: 2/2
   314 | D:1      | Found a faded altar of an unknown god.
   612 | D:1      | 612 ||| UPGRADING to +0 ring mail.
   622 | D:1      | 622 ||| DROPPING +0 robe.
   623 | D:1      | 623 ||| READING scroll labelled ILIKYQ WAVAOSS.
   624 | D:1      | 624 ||| READING scroll labelled HUNUAWOKHLE.
   725 | D:1      | 725 ||| READING scroll labelled KEFOKLUEKK.
   730 | D:1      | 730 ||| DROPPING scroll of poison.
   844 | D:2      | Reached XP level 3. HP: 29/29 MP: 3/3
   991 | D:2      | Reached skill level 4 in Ranged Weapons
  1194 | D:2      | Reached skill level 1 in Armour
  1302 | D:2      | HP: 6/29 [adder (3)]
  1303 | D:2      | 1303 ||| READING 4 scrolls of teleportation.
  1304 | D:2      | Succumbed to an adder's poison

Levels and vault maps discovered:
D:1:      psy_arrival_fountain, layout_basic, shapermc_ecumenical_altar_petra
D:2:      layout_loops_corners, corexii_shack, minmay_misc_feat_iff,
          grunt_decor_arrowhead

Skill      XL: |  1  2  3 |
---------------+----------+-----
Ranged Weapons | 3 4 |  4.0
Fighting       | 2 |  2.0
Armour         | 1 |  1.3
Dodging        | |  2.1
Spellcasting   | |  1.0
Hexes          | |  2.0

Action                     || total
---------------------------++-------
   Fire: Sling             ||   108
    Use: Scroll            ||     4
 Armour: Robe              ||     7
         Ring mail         ||    32
  Dodge: Dodged            ||    48

Table legend:
 A = Non-vault XP
 B = Vault XP
 C = Vault XP percentage of total XP
 D = Non-vault monster count
 E = Vault monster count
 F = Vault count percentage of total count
                 A         B        C        D         E       F
            +---------+---------+-------+---------+---------+-------
      Total |      82 |       2 |   2.4 |      36 |       1 |   2.7
            +---------+---------+-------+---------+---------+-------
        D:1 |      37 |       0 |   0.0 |      23 |       0 |   0.0
        D:2 |      45 |       2 |   4.3 |      13 |       1 |   7.1
            +---------+---------+-------+---------+---------+-------
